 Dungeon Crawl Stone Soup version 0.24.0-13-gcf9b319 (webtiles) character file.

Game seed: 16567673767672281135, levelgen mode: deterministic

3626 Bitman the Cleaver (level 10, -6/77 HPs)
             Began as a Hill Orc Fighter on Mar 11, 2020.
             Was a Priest of Hepliaklqana.
             Mangled by a troll (9 damage)
             ... on level 9 of the Dungeon.
             The game lasted 00:29:29 (6122 turns).

Bitman the Cleaver (Hill Orc Fighter)               Turns: 6122, Time: 00:29:30

Health: -6/77      AC: 21    Str: 21    XL:     10   Next: 11%
Magic:  14/14      EV:  4    Int:  6    God:    Hepliaklqana [***...]
Gold:   339        SH: 10    Dex: 10    Spells: 9/9 levels left

rFire    . . .     SeeInvis +   a - +0 war axe (flame)
rCold    . . .     Gourm    .   c - +0 shield
rNeg     . . .     Faith    +   r - +0 plate armour
rPois    +         Spirit   .   G - +1 helmet {SInv}
rElec    .         Reflect  .   F - +1 cloak {rPois}
rCorr    .         Harm     .   x - +0 pair of gloves
MR       .....                  k - +1 pair of boots
Stlth    ..........             B - amulet of faith
HPRegen  0.22/turn              (no ring)
MPRegen  0.14/turn              (no ring)

@: very slightly contaminated, invisible
A: reduced essence, camouflage 1, dopey 1, weak 1, MP-powered wands
a: Recall Ancestor, Ancestor Identity, Transference, Renounce Religion


You were on level 9 of the Dungeon.
You worshipped Hepliaklqana.
Hepliaklqana was most pleased with you.
You were not hungry.

You visited 1 branch of the dungeon, and saw 9 of its levels.
You also visited: Sewer.

You collected 474 gold pieces.
You spent 135 gold pieces at shops.

Inventory:

Hand Weapons
 a - a +0 war axe of flaming (weapon)
Missiles
 l - 69 poisoned darts (quivered)
 w - 4 atropa-tipped darts
 E - 38 sling bullets
Armour
 c - a +0 shield (worn)
 k - a +1 pair of boots (worn)
 r - a +0 plate armour (worn)
 x - a +0 pair of gloves (worn)
 F - a +1 cloak of poison resistance (worn)
 G - a +1 helmet of see invisible (worn)
Jewellery
 i - an uncursed amulet of guardian spirit
 B - an amulet of faith (around neck)
Wands
 b - a wand of iceblast (7)
 g - a wand of flame (13)
 n - a wand of disintegration (27)
 t - a wand of acid (13)
Scrolls
 e - 12 scrolls of teleportation
 h - 2 scrolls of remove curse
 m - 6 scrolls of identify
 p - a scroll of enchant weapon {unknown}
 s - a scroll of fog
 u - 5 scrolls of magic mapping
 y - 2 scrolls of amnesia
 I - a scroll of blinking
Potions
 d - 3 potions of might
 j - 3 potions of brilliance
 o - a potion of haste
 q - 3 potions of curing
 A - a potion of berserk rage {unknown}
 C - 2 potions of heal wounds {unknown}
 D - a potion of magic {unknown}
 H - 2 potions of cancellation {unknown}
Comestibles
 f - 22 rations
 v - 12 chunks of flesh


   Skills:
 + Level 7.5 Fighting
 * Level 10.2 Axes
   Level 1.1(2.7) Slings
 + Level 4.0(4.1) Throwing
 + Level 6.7 Armour
 + Level 6.7 Shields
 + Level 6.2 Invocations
 + Level 2.2 Evocations


You had 9 spell levels left.
You didn't know any spells.
Your spell library contained the following spells:

 Spells                   Type           Power        Failure   Level  Hunger
 Flame Tongue             Conj/Fire      #....        100%        1    ##.....
 Magic Dart               Conj           #...         100%        1    ##.....
 Blink                    Tloc           N/A          100%        2    ###....
 Call Imp                 Summ           #.......     100%        2    ###....
 Slow                     Hex            #.......     100%        2    ###....
 Throw Flame              Conj/Fire      #.....       100%        2    ###....
 Conjure Flame            Conj/Fire      #.......     100%        3    ####...
 Inner Flame              Hex/Fire       #.......     100%        3    ####...
 Mephitic Cloud           Conj/Pois/Air  #.......     100%        3    ####...
 Sticky Flame             Conj/Fire      #.......     100%        4    #####..
 Fireball                 Conj/Fire      #.........   100%        5    ######.


Dungeon Overview and Level Annotations

Branches:
Dungeon (9/15)             Temple (0/1) D:7            Lair (0/6) D:9
    Orc (0/2) D:9           Sewer (visited)

Altars:
Elyvilon
Fedhas
Gozag
Hepliaklqana
Kikubaaqudgha
Makhleb
Okawaru
Ru
Wu Jian
Xom
Zin

Shops:
D:4 *   D:7 *

Annotations:
D:6 3 runed translucent doors, TailRadish's ghost, novice DsGl


Innate Abilities, Weirdness & Mutations

Your life essence is reduced to manifest your ancestor. (-10% HP)
Your skin changes colour to match your surroundings (Stealth+).
You are dopey. (Int -2)
You are weak. (Str -2)
You expend magic power (3 MP) to strengthen your wands.


Message History

You block the killer bee's attack.
An adder comes into view.
Found 5 bolts.
The adder hisses angrily.
A wight comes into view. It is wielding a +0 hand axe.
A wight comes into view.
It is wielding a +4 short sword of freezing. Æðelind hits the cyan ugly thing but does no damage. Æðelind drains the cyan ugly thing.
You block the killer bee's attack.
Found a runed robe.
There is an open door here.
The worker ant twitches its antennae in your direction. Æðelind hits the cyan ugly thing but does no damage.
You block the killer bee's attack.
A wight comes into view. It is wielding a +0 scimitar.
The worker ant twitches its antennae in your direction. Æðelind barely misses the killer bee.
You block the killer bee's attack.
The killer bee stings you but does no damage.
You block the worker ant's attack. The troll bites you!
You die...

##########(.....#####.
#.(....# #. #########
#.(()..# #. #.......#
#..)...# #. #.......#
#......# #. #.......#
#......# #. .#.......#
#......# #. .........#
#......# #.
#......@y######...#####.
......Tay'...uy...>...#.
.......z.######R..###.##
...zz(..................
.z..###########.#####.##
..[. ..............#.#
... ........#'#+#.#.# ##
#######..R....#.#
#.......#.#


You could see a cyan ugly thing, a troll, a worker ant, 3 killer bees and 4
wights.

Vanquished Creatures
  Joseph (D:7)
  Sigmund (D:6)
  Grum (D:8)
  A water moccasin (D:5)
  Purgy (Sewer)
  2 necrophages
  2 phantoms
  2 wolves (D:8)
  4 ogres
  3 centaurs (D:9)
  2 bullfrogs
  A water moccasin skeleton (D:8)
  3 crimson imps
  A bullfrog zombie (D:6)
  A quasit (D:6)
  A centaur zombie (D:9)
  2 hounds
  A jelly (D:6)
  5 orc priests
  3 bullfrog skeletons
  A centaur skeleton (D:6)
  3 iguanas
  3 orc wizards
  4 worker ants
  A hound skeleton (D:7)
  3 gnolls (D:5)
  10 adders
  3 shadow imps
  5 worms
  4 dart slugs
  3 leopard geckos
  10 orcs
  4 giant cockroaches
  7 goblins
  6 hobgoblins
  2 jackals (D:1)
  2 quokkas
  A ball python (D:1)
  6 bats
  14 frilled lizards
  7 kobolds
  A leopard gecko zombie (D:8)
  A quokka zombie (D:7)
  8 rats
147 creatures vanquished.

Vanquished Creatures (collateral kills)
  An eye of draining (D:8)
  An ogre (D:4)
  A water moccasin skeleton (D:4)
  A killer bee (D:9)
  2 crimson imps
  A hound (D:9)
  Crazy Yiuf (D:6)
  An orc priest (D:4)
  A hound skeleton (D:4)
  2 gnolls (D:5)
  4 adders
  2 worms (D:6)
  3 orcs
  2 ball pythons (Sewer)
  A frilled lizard (Sewer)
  A kobold (D:3)
25 creatures vanquished.

Vanquished Creatures (others)
  A hexer (D:9)
  A fungus (D:6)
  3 plants (D:6)
5 creatures vanquished.

Grand Total: 177 creatures vanquished

Notes
Turn   | Place    | Note
-------+----------+-------------------------------------------
     0 | D:1      | Bitman the Hill Orc Fighter began the quest for the Orb.
     0 | D:1      | Reached XP level 1. HP: 19/19 MP: 1/1
    31 | D:1      | Reached XP level 2. HP: 20/27 MP: 2/2
   165 | D:1      | Reached skill level 3 in Axes
   342 | D:1      | Reached XP level 3. HP: 28/33 MP: 1/3
   753 | D:2      | Found a hazy altar of Hepliaklqana.
   801 | D:2      | Became a worshipper of Hepliaklqana the Forgotten
  1056 | D:2      | Reached XP level 4. HP: 36/36 MP: 4/4
  1107 | D:2      | Reached skill level 4 in Axes
  1232 | D:2      | Found a sacrificial altar of Ru.
  1308 | D:2      | Reached XP level 5. HP: 42/42 MP: 5/5
  1484 | D:3      | Reached skill level 5 in Axes
  1484 | D:3      | Reached skill level 1 in Invocations
  1528 | D:3      | Found a blossoming altar of Fedhas.
  1555 | D:3      | Reached XP level 6. HP: 34/47 MP: 6/6
  1727 | D:3      | Reached skill level 1 in Throwing
  1794 | D:3      | Reached * piety under Hepliaklqana
  1936 | D:3      | Found an ornate altar of the Wu Jian Council.
  2029 | D:4      | Reached skill level 5 in Fighting
  2029 | D:4      | Reached XP level 7. HP: 49/54 MP: 8/8
  2054 | D:4      | Found an iron altar of Okawaru.
  2113 | D:4      | Found Zarusuwk's General Store.
  2130 | D:4      | Bought a +0 pair of gloves for 45 gold pieces
  2152 | D:4      | Reached skill level 6 in Axes
  2390 | D:4      | Found Zin's Purification Station.
  2391 | D:4      | Found a glowing silver altar of Zin.
  2412 | D:4      | Bought a potion of curing for 90 gold pieces
  2458 | D:5      | Entered Level 5 of the Dungeon
  2775 | D:5      | Gained mutation: You have large cloven feet. [potion of
                  | mutation]
  2775 | D:5      | Gained mutation: You are resistant to hostile enchantments.
                  | (MR+) [potion of mutation]
  2776 | D:5      | Lost mutation: You have large cloven feet. [potion of
                  | mutation]
  2776 | D:5      | Lost mutation: You are resistant to hostile enchantments.
                  | (MR+) [potion of mutation]
  2776 | D:5      | Gained mutation: Your flesh is cold resistant. (rC+)
                  | [potion of mutation]
  2776 | D:5      | Gained mutation: You are partially covered in icy blue
                  | scales. (AC +2) [potion of mutation]
  2798 | D:5      | Reached skill level 5 in Shields
  2818 | D:5      | Reached skill level 5 in Armour
  2818 | D:5      | Reached XP level 8. HP: 41/62 MP: 8/10
  2821 | D:5      | Reached ** piety under Hepliaklqana
  2823 | D:5      | Remembered your ancestor Æðelind as a hexer
  3066 | D:5      | Reached skill level 7 in Axes
  3067 | D:5      | Found an opulent altar of Gozag.
  3359 | D:5      | Paralysed by a gnoll for 7 turns
  3368 | D:5      | Found a shimmering altar of Xom.
  3792 | D:6      | Noticed Sigmund
  3803 | D:6      | Killed Sigmund
  3865 | D:6      | Found a runed translucent gate.
  3865 | D:6      | Found a runed translucent gate.
  3865 | D:6      | Found a runed translucent gate.
  3866 | D:6      | Noticed a kobold demonologist
  3866 | D:6      | Identified the +6 dagger "Demon's Death" {venom, +Rage}
  3871 | D:6      | Noticed TailRadish's ghost (novice DsGl)
  3936 | D:6      | Reached skill level 8 in Axes
  3978 | D:6      | Found a glowing drain.
  4004 | Sewer    | Entered a sewer
  4052 | Sewer    | Noticed Purgy
  4061 | Sewer    | Killed Purgy
  4288 | D:6      | Found a runed translucent door.
  4289 | D:6      | Noticed Crazy Yiuf
  4412 | D:6      | Killed Crazy Yiuf
  4625 | D:7      | Reached XP level 9. HP: 69/70 MP: 12/12
  4666 | D:7      | Identified a scroll of acquirement
  4668 | D:7      | Got a translucent fustibalus
  4684 | D:7      | Identified the +5 fustibalus "Yhooluvve" {freeze, +Inv
                  | Int+7 Dex-5} (You acquired it on level 7 of the Dungeon)
  4834 | D:7      | Noticed Joseph
  4855 | D:7      | Killed Joseph
  4855 | D:7      | Reached skill level 9 in Axes
  4855 | D:7      | Reached skill level 1 in Slings
  4855 | D:7      | Reached skill level 5 in Invocations
  4920 | D:7      | Found Caoss's General Store.
  4922 | D:7      | Reached *** piety under Hepliaklqana
  4934 | D:7      | Found a staircase to the Ecumenical Temple.
  4944 | D:7      | Lost mutation: Your flesh is cold resistant. (rC+) [potion
                  | of mutation]
  4944 | D:7      | Lost mutation: You are partially covered in icy blue
                  | scales. (AC +2) [potion of mutation]
  4944 | D:7      | Gained mutation: You have very sharp teeth. [potion of
                  | mutation]
  4944 | D:7      | Gained mutation: You are clumsy. (Dex -2) [potion of
                  | mutation]
  4944 | D:7      | Gained mutation: You have a somewhat thin skeletal
                  | structure. (Dex +2, Stealth) [potion of mutation]
  5280 | D:7      | Found a burning altar of Makhleb.
  5452 | D:8      | Reached skill level 1 in Evocations
  5458 | D:8      | Lost mutation: You are clumsy. (Dex -2) [potion of
                  | mutation]
  5458 | D:8      | Lost mutation: You have very sharp teeth. [potion of
                  | mutation]
  5458 | D:8      | Lost mutation: You have a somewhat thin skeletal structure.
                  | (Dex +2, Stealth) [potion of mutation]
  5458 | D:8      | Gained mutation: You are dopey. (Int -2) [potion of
                  | mutation]
  5458 | D:8      | Gained mutation: You are weak. (Str -2) [potion of
                  | mutation]
  5458 | D:8      | Gained mutation: You expend magic power (3 MP) to
                  | strengthen your wands. [potion of mutation]
  5458 | D:8      | Gained mutation: Your skin changes colour to match your
                  | surroundings (Stealth+). [potion of mutation]
  5601 | D:8      | Noticed Grum
  5602 | D:8      | Found a white marble altar of Elyvilon.
  5620 | D:8      | Killed Grum
  5764 | D:8      | Found an ancient bone altar of Kikubaaqudgha.
  5888 | D:9      | Reached skill level 10 in Axes
  5888 | D:9      | Reached XP level 10. HP: 60/77 MP: 14/14
  5982 | D:9      | Found a staircase to the Orcish Mines.
  5982 | D:9      | Found a staircase to the Lair.
  6074 | D:9      | Noticed a cyan ugly thing
  6116 | D:9      | HP: 1/77 [killer bee (4)]
  6122 | D:9      | Mangled by a troll

Levels and vault maps discovered:
D:1:      ncdulo_lavacross, layout_basic
D:2:      layout_basic, nicolae_ru_great_annihilating_truth,
          overflow_temple_1_default
D:3:      layout_rooms, marbit_many_paths, fedhas_altar_1, first_ration
D:4:      layout_rooms, zin_purify, lemuel_doored_altar, serial_shops, shop
D:5:      layout_basic, tgw_xom, nicolae_overflow_crystal_walls
D:6:      layout_basic, cheibrodos_sewer_entry_bend,
          gammafunk_ghost_nasty_kobolds, uniq_crazy_yiuf_cottage, uniq_sigmund
D:7:      layout_loops_ring, makhleb_blood_cavern_becter,
          minmay_temple_entry_mist, serial_shops, nicolae_shop_stone,
          uniq_joseph
D:8:      layout_cave_pools, elyvilon_altar_1, kiku_gazebo_pond_becter,
          uniq_grum
D:9:      layout_basic, lair_entry_dummy, orc_0_dummy, serial_shops,
          nicolae_shop_statue_plus

Skill      XL: |  1  2  3  4  5  6  7  8  9 10 |
---------------+-------------------------------+-----
Axes           | 3 4 5 6 8 10 | 10.2
Fighting       | 4 5 6 7 |  7.5
Shields        | 4 5 6 |  6.7
Armour         | 4 5 6 |  6.7
Invocations    | 1 2 3 4 6 |  6.2
Throwing       | 1 2 3 4 |  4.0
Slings         | 1 |  1.1
Evocations     | 2 |  2.2

Action                   |  1- 3 |  4- 6 |  7- 9 | 10-12 || total
-------------------------+-------+-------+-------+-------++-------
Melee: War axe           |   130 |   114 |   322 |    47 ||   613
       Bite              |       |       |     5 |       ||     5
Invok: Ancestor Life: He |       |       |     1 |       ||     1
  Use: Scroll            |       |       |    15 |       ||    15
       Potion            |       |       |     4 |     1 ||     5
 Stab: Paralysed         |       |     2 |       |       ||     2
       Distracted        |       |     1 |     2 |       ||     3
       Confused          |       |       |     1 |       ||     1
  Eat: Chunk             |     1 |     3 |    13 |     1 ||    18
Armor: Scale mail        |    77 |    16 |       |       ||    93
       Plate armour      |       |    51 |   186 |    51 ||   288
Dodge: Dodged            |    47 |    16 |    51 |    20 ||   134
Block: Shield            |    84 |    45 |   155 |    49 ||   333
